 Dungeon Crawl Stone Soup version 0.29-a0-997-gf6f7e2dfe7 (webtiles) character file.

Game seed: 2862634765995374610

1886 IdlyInterested the Spear-Bearer (level 8, -10/64 HPs)
             Began as a Demonspawn Gladiator on Aug 4, 2022.
             Mangled by a boulder beetle (19 damage)
             ... on level 6 of the Dungeon.
             The game lasted 00:18:34 (6696 turns).

IdlyInterested the Spear-Bearer (DsGl)              Turns: 6696, Time: 00:18:35

Health: -10/64     AC: 15    Str: 16    XL:     8   Next: 92%
Magic:  8/8        EV: 10    Int:  9    God:
Gold:   349        SH:  0    Dex: 16    Spells: 7/7 levels left

rFire   . . .      SeeInvis .   a - +0 trident
rCold   . . .      Faith    .   (no shield)
rNeg    . . .      Spirit   .   g - +0 chain mail
rPois   .          Reflect  .   m - +0 helmet
rElec   .          Harm     .   (no cloak)
rCorr   .          Rampage  .   l - +0 pair of gloves
Will    .....                   (no boots)
Stlth   ..........              (no amulet)
HPRegen 0.20/turn               h - +4 ring of protection
MPRegen 0.11/turn               (no ring)

@: confused, ambrosia-drunk
A: hooves 1, ignite blood 2, sturdy frame 2
a: no special abilities


You were on level 6 of the Dungeon.
You visited 1 branch of the dungeon, and saw 6 of its levels.

You collected 349 gold pieces.

Inventory:

Hand Weapons
 a - a +0 trident (weapon)
Missiles
 d - 3 throwing nets
 e - 3 javelins (quivered)
Armour
 g - a +0 chain mail (worn)
 l - a +0 pair of gloves (worn)
 m - a +0 helmet (worn)
 o - the +0 kite shield of Wiczatau {Contam rElec Dex+2 Stlth+}
   (You found it on level 3 of the Dungeon)

   Dex:       It affects your dexterity (+2).
   rElec:     It insulates you from electricity.
   Contam:    It causes magical contamination when unequipped.
   Stlth:     It makes you more stealthy.
 q - a +2 robe of willpower
 B - a +0 leather armour of cold resistance
 C - the +0 leather armour of Quorid {rF+}
   (You found it on level 5 of the Dungeon)

   rF:        It protects you from fire.
Magical Staves
 u - a staff of conjuration
 D - a staff of cold
Jewellery
 h - a +4 ring of protection (left hand)
Wands
 s - a wand of light (23)
 z - a wand of flame (26)
Scrolls
 c - 2 scrolls of immolation
 t - 3 scrolls of teleportation
 v - 2 scrolls of noise {unknown}
 w - a scroll of vulnerability {unknown}
 x - a scroll of silence {unknown}
 y - a scroll of fear
 A - a scroll of amnesia {unknown}
Potions
 b - a potion of invisibility {unknown}
 f - 2 potions of resistance
 i - 2 potions of curing
 j - 2 potions of brilliance {unknown}
 k - a potion of haste
 n - a potion of magic {unknown}
 r - 2 potions of mutation {unknown}


   Skills:
 + Level 5.7 Fighting
 * Level 8.2 Polearms
 - Level 2.0 Throwing
 - Level 4.0 Armour
 - Level 2.6 Dodging
 - Level 2.0 Stealth
 - Level 2.0 Evocations


You had 7 spell levels left.
You didn't know any spells.
Your spell library contained the following spells:

 Spells                   Type           Power      Damage    Failure   Level
 Portal Projectile        Hex/Tloc       0%         N/A       99%         3
 Tukima's Dance           Hex            0%         N/A       99%         3
 Blade Hands              Tmut           0%         N/A       100%        5
 Chain Lightning          Conj/Air       0%         N/A       100%        9
 Fire Storm               Conj/Fire      0%         5d1       100%        9
 Shatter                  Erth           0%         3d5*      100%        9


Dungeon Overview and Level Annotations

Branches:
Dungeon (6/15)
 Temple: D:4-7

Altars:
Ashenzari
Fedhas
Kikubaaqudgha
Makhleb
Okawaru
Xom

Shops:
D:6 (


Innate Abilities, Weirdness & Mutations

You have large cloven feet.
Your demonic aura often causes spilled blood to erupt in flames.
Your movements are less encumbered by armour. (ER -4)


Message History

You reach to attack!
You hit the boulder beetle but do no damage.
Aiming: Bolt of Light
Press: ? - help, Shift-Dir - straight line, f/p - boulder beetle
Aim: a boulder beetle (rolling, 100% to hit)
The bolt of light hits the boulder beetle.
The boulder beetle is lightly wounded.
The boulder beetle is blinded.
The boulder beetle hits you!!!
Ouch! That really hurt!
The boulder beetle stops rolling and uncurls.
You hit the boulder beetle.
The boulder beetle is lightly wounded.
The boulder beetle is engulfed in blazing flames.
The boulder beetle bites you but does no damage.
You catch the helpless boulder beetle completely off-guard!
You hit the boulder beetle but do no damage.
The boulder beetle is moderately wounded.
The boulder beetle is engulfed in blazing flames.
The boulder beetle bites you!!
* * * LOW HITPOINT WARNING * * *
You hit the boulder beetle but do no damage.
Your kick misses the boulder beetle.
The boulder beetle is moderately wounded.
The boulder beetle is engulfed in blazing flames.
The boulder beetle barely misses you.
You are confused.
You feel invigorated. The boulder beetle bites you.
* * * LOW HITPOINT WARNING * * *
You hit the boulder beetle but do no damage.
You kick the boulder beetle, but do no damage.
The boulder beetle is heavily wounded.
The boulder beetle is no longer blind.
The boulder beetle bites you but does no damage.
You hit the boulder beetle but do no damage.
You kick the boulder beetle, but do no damage.
The boulder beetle is heavily wounded.
The boulder beetle bites you.
* * * LOW HITPOINT WARNING * * *
You bump into the rock wall.
The boulder beetle bites you!!
You die...

# #.....# #.....#
#.)...# #.)..†# ###
#.....# #.. #.....#
#.# #.....#####.###
#.#.#.#.#.#.#.#.#.#.
#...........@.......
#.#.#.#.#.#.#B#.#.#.
#..................
#.#.#.#.#.#.#.#.#.#
#.................
#.#.#.#.#.#.#.#.#?#
#...................
#.#.#.#.#.#.#.#.#.##
.?.. ...[. ....


You could see a boulder beetle.

Vanquished Creatures
  Grinder (D:4)
  Eustachio (D:6)
  Edmund (D:4)
  A water moccasin (D:6)
  A black bear (D:6)
  2 phantoms
  2 centaurs
  A kobold brigand (D:6)
  Blork the orc (D:4)
  A gnoll sergeant (D:6)
  4 scorpions
  4 crimson imps (D:3)
  2 orc priests
  4 orc wizards
  An iguana (D:5)
  4 gnolls (D:6)
  6 adders
  A worm (D:4)
  2 dart slugs
  18 orcs
  4 ball pythons
  3 bats
  4 endoplasms
  8 goblins
  3 hobgoblins
  3 jackals (D:2)
  7 kobolds
  A quokka (D:3)
  4 frilled lizards
  9 rats
104 creatures vanquished.

Vanquished Creatures (others)
  A withered plant (D:6)
1 creature vanquished.

Grand Total: 105 creatures vanquished

Notes
Turn   | Place    | Note
-------+----------+-------------------------------------------
     0 | D:1      | IdlyInterested the Demonspawn Gladiator began the quest for
                  | the Orb.
     0 | D:1      | Reached XP level 1. HP: 16/16 MP: 1/1
   491 | D:1      | Gained mutation: You have large cloven feet. [demonic
                  | ancestry]
   491 | D:1      | Reached XP level 2. HP: 21/23 MP: 2/2
   617 | D:1      | Reached skill level 3 in Polearms
  1264 | D:2      | Gained mutation: Your demonic aura sometimes causes spilled
                  | blood to erupt in flames. [demonic ancestry]
  1264 | D:2      | Reached XP level 3. HP: 29/29 MP: 3/3
  1276 | D:2      | Found a faded altar of an unknown god.
  2166 | D:3      | Identified the +0 kite shield of Wiczatau {Contam rElec
                  | Dex+2 Stlth+}
  2243 | D:3      | Found a shimmering altar of Xom.
  2256 | D:3      | Gained mutation: Your movements are slightly less
                  | encumbered by armour. (ER -2) [demonic ancestry]
  2256 | D:3      | Reached XP level 4. HP: 37/37 MP: 4/4
  2282 | D:3      | Reached skill level 1 in Armour
  2313 | D:3      | Gained mutation: Your movements are less encumbered by
                  | armour. (ER -4) [demonic ancestry]
  2313 | D:3      | Reached XP level 5. HP: 28/42 MP: 5/5
  2395 | D:3      | Reached skill level 4 in Polearms
  3058 | D:4      | Noticed Grinder
  3062 | D:4      | Paralysed by Grinder for 4 turns
  3070 | D:4      | Killed Grinder
  3071 | D:4      | Reached XP level 6. HP: 40/48 MP: 6/6
  3314 | D:4      | Noticed Edmund
  3314 | D:4      | Found a blossoming altar of Fedhas.
  3921 | D:4      | You fall into a shaft and drop 2 floors!
  3923 | D:6      | Found an iron altar of Okawaru.
  3988 | D:5      | Entered Level 5 of the Dungeon
  3988 | D:5      | Found a burning altar of Makhleb.
  3988 | D:5      | Found a broken altar of Ashenzari.
  4022 | D:6      | Reached skill level 1 in Stealth
  4022 | D:6      | Gained mutation: Your demonic aura often causes spilled
                  | blood to erupt in flames. [demonic ancestry]
  4022 | D:6      | Reached XP level 7. HP: 48/54 MP: 7/7
  4145 | D:6      | Reached skill level 5 in Polearms
  4205 | D:6      | Found Lucvuett's Weapon Boutique.
  4280 | D:6      | Reached skill level 1 in Evocations
  4359 | D:6      | Found an ancient bone altar of Kikubaaqudgha.
  4440 | D:5      | Reached skill level 6 in Polearms
  4661 | D:5      | Reached XP level 8. HP: 44/60 MP: 8/8
  4749 | D:5      | Identified the +0 leather armour of Quorid {rF+}
  4878 | D:4      | Noticed Blork the orc
  4908 | D:4      | Killed Blork the orc
  5199 | D:4      | Reached skill level 7 in Polearms
  5346 | D:4      | Killed Edmund
  6177 | D:6      | Reached skill level 5 in Fighting
  6279 | D:6      | Noticed Eustachio
  6286 | D:6      | Killed Eustachio
  6287 | D:6      | Reached skill level 8 in Polearms
  6679 | D:6      | Noticed a boulder beetle
  6693 | D:6      | HP: 3/64 [boulder beetle (6)]
  6696 | D:6      | Mangled by a boulder beetle

Illustrated notes

Levels and vault maps discovered:
D:1:      lemuel_arrival_muddy, layout_basic
D:2:      layout_basic, ebering_ecumenical_altar_box
D:3:      layout_basic, elyvilon_altar_4, led_xom_imps, minivault_23
D:4:      layout_rooms, old_standard_altar, uniq_grinder, uniq_edmund,
          uniq_blork_the_orc
D:5:      layout_basic, nicolae_overflow_hidden_temple
D:6:      layout_basic, kiku_gazebo_garden_becter, okawaru_ov_weapons_minmay,
          serial_shops, nicolae_shop_window_shopping, serial_glass,
          glass_columns_b, glass_columns_a, st_stairs_11, uniq_eustachio,
          uniq_crazy_yiuf_cottage

Skill      XL: |  1  2  3  4  5  6  7  8 |
---------------+-------------------------+-----
Polearms       | 3 4 6 8 |  8.2
Fighting       | 3 4 5 |  5.7
Armour         | 1 3 4 |  4.0
Stealth        | 1 2 |  2.0
Evocations     | 2 |  2.0
Throwing       | 2 |  2.0
Dodging        | |  2.6

Action                   |  1- 3 |  4- 6 |  7- 9 || total
-------------------------+-------+-------+-------++-------
Melee: Trident           |   121 |   114 |   244 ||   479
       Kick              |    20 |    29 |    66 ||   115
       Punch             |       |     1 |       ||     1
Throw: Throwing net      |       |       |     1 ||     1
Evoke: Wand              |       |       |     3 ||     3
  Use: Scroll            |    10 |     1 |     3 ||    14
       Potion            |       |     6 |     1 ||     7
 Stab: Invisible         |       |       |     1 ||     1
Armor: Chain mail        |    83 |    48 |   152 ||   283
Dodge: Dodged            |    38 |    51 |   109 ||   198

Table legend: (Time is in decaauts)
 A = Elapsed time spent in this place.
 B = Non-inter-level travel time spent in this place.
 C = Inter-level travel time spent in this place.
 D = Time resting spent in this place.
 E = Time spent auto-exploring this place.
 F = Levels seen in this place.
 G = Mean time per level.
                   A        B        C        D        E       F      G
               +--------+--------+--------+--------+--------+-----+--------+
         Total |   6705 |   6047 |    658 |   1590 |   3218 |   6 | 1117.5 |
       Dungeon |   6705 |   6047 |    658 |   1590 |   3218 |   6 | 1117.5 |
               +--------+--------+--------+--------+--------+-----+--------+

Top non-repeatable levels by time:
     D:4: 1470 daAuts
     D:3: 1187 daAuts
     D:1: 1178 daAuts
     D:5: 1030 daAuts
     D:6: 921 daAuts
     D:2: 917 daAuts
